 Dungeon Crawl Stone Soup version 0.30-b1-2-g02819fbbbe (webtiles) character file.

Game seed: 5899241266615323350

158 snakesoul the Magician (level 5, -8/28 HPs)
             Began as a Deep Elf Venom Mage on June 12, 2023.
             Was an Initiate of Vehumet.
             Mangled by Menkaure (23 damage)
             ... on level 4 of the Dungeon.
             The game lasted 00:05:51 (3038 turns).

snakesoul the Magician (Deep Elf Venom Mage)        Turns: 3038, Time: 00:05:52

Health: -8/28      AC:  2    Str:  5    XL:     5   Next: 16%
Magic:  9/14       EV: 12    Int: 22    God:    Vehumet [......]
Gold:   140        SH:  0    Dex: 15    Spells: 3/13 levels left

rFire   . . .        h - +2 dagger (drain)
rCold   . . .        (no shield)
rNeg    . . .        a - +0 robe
rPois   .            (no helmet)
rElec   .            (no cloak)
rCorr   .            (no gloves)
SInv    .            (no boots)
Will    +....        (no amulet)
Stlth   ++           g - ring of willpower
HPRegen 0.24/turn    (no ring)
MPRegen 0.14/turn

%: no passive effects
@: no status effects
A: no striking features
a: Renounce Religion


You were on level 4 of the Dungeon.
You worshipped Vehumet.
Vehumet was noncommittal.
You visited 1 branch of the dungeon, and saw 4 of its levels.

You collected 140 gold pieces.

Inventory:

Hand Weapons
 h - a +2 dagger of draining (weapon)
Armour
 a - a +0 robe (worn)
Jewellery
 g - a ring of willpower (left hand)
Wands
 p - a wand of acid (3)
Scrolls
 c - a scroll of vulnerability {unknown}
 d - a scroll of fear {unknown}
 e - a scroll of teleportation {unknown}
 f - 4 scrolls of identify {unknown}
 j - a scroll of enchant armour {unknown}
 k - a scroll of magic mapping {unknown}
 l - 2 scrolls of blinking {unknown}
 m - a scroll of noise {unknown}
 o - a scroll of fog {unknown}
Potions
 b - a potion of magic
 i - 3 potions of curing {unknown}
 n - 2 potions of mutation {unknown}
 q - a potion of lignification {unknown}
 r - a potion of cancellation {unknown}


   Skills:
 - Level 2.4 Dodging
 - Level 2.4 Stealth
 + Level 4.7 Spellcasting
 * Level 0.3 Conjurations
 - Level 3.2 Transmutations
 + Level 4.5 Poison Magic


You had 3 spell levels left.
You knew the following spells:

 Your Spells              Type           Power      Damage    Failure   Level
a - Sting                 Tmut/Pois      88%        1d7       1%          1
b - Poisonous Vapours     Pois/Air       30%        N/A       6%          2
c - Olgreb's Toxic Radia  Pois           25%        N/A       16%         4
d - Mephitic Cloud        Conj/Pois/Air  12%        N/A       16%         3

Your spell library contained the following spells:

 Spells                   Type           Power      Damage    Failure   Level
 Static Discharge         Conj/Air       12%        2-3/arc   14%         2
 Ozocubu's Armour         Ice            5%         N/A       30%         3
 Airstrike                Air            2%         2d(1-17)  71%         4
 Summon Lightning Spire   Summ/Air       5%         N/A       71%         4
 Ozocubu's Refrigeration  Ice            2%         4d8       100%        7
 Discord                  Hex            2%         N/A       100%        8
 Ignition                 Fire           2%         3d3       100%        8


Dungeon Overview and Level Annotations

Branches:
Dungeon (4/15)
 Temple: D:4-7

Altars:
Dithmenos
Ru
Vehumet
Yredelemnul

Annotations:
D:4 Menkaure


Message History

The sting hits the adder.
The adder looks even sicker.
You kill the adder!
Vehumet accepts your kill.
You pick up a book of Storms and begin reading...
You add the spells Static Discharge, Airstrike and Summon Lightning Spire to your library.
Done exploring.
Done exploring.
Done exploring.
Done exploring.
(D) Dungeon
Where to? (Enter - D:3, ? - help)
There is a stone staircase leading down here.
You climb downwards.
Found a shiny ring mail.
There is a stone staircase leading up here.
Found 5 stones.
Menkaure, Prince of Dust comes into view.
Casting: Sting (safe; 1% risk of failure)
Confirm with . or Enter, or press ? or * to list all spells.
Okay, then.
You can't see any susceptible monsters within range! (Use Z to cast anyway.)
You can't see any susceptible monsters within range! (Use Z to cast anyway.)
You see here a +0 ring mail of poison resistance.
The sting hits Menkaure but does no damage.
Menkaure shouts!
The sting hits Menkaure.
Menkaure is lightly damaged.
The sting hits Menkaure.
Menkaure partially resists.
Menkaure is lightly damaged.
The sting hits Menkaure but does no damage.
Menkaure is lightly damaged.
Menkaure calls on the powers of darkness!
Your body is wracked with pain!
An endoplasm comes into view.
The endoplasm quivers.
The sting hits Menkaure.
Menkaure partially resists.
Menkaure is lightly damaged.
Menkaure hits you!!
Ouch! That really hurt!
You die...

.# .# ###.####
#....... # #
#..... ..
###.#.##..# #...
.......<..# ....
.##.####..###..#
#...@M.(#
#...###J# ##.##
##. #. .


You could see Menkaure and an endoplasm.

Vanquished Creatures
  An orc wizard (D:3)
  6 adders
  A worm (D:2)
  A dart slug (D:3)
  8 orcs (D:3)
  7 endoplasms
  4 giant cockroaches
  4 goblins
  5 hobgoblins
  4 jackals (D:3)
  7 ball pythons
  7 bats
  5 frilled lizards
  3 kobolds
  5 rats
68 creatures vanquished.

Notes
Turn   | Place    | Note
-------+----------+-------------------------------------------
     0 | D:1      | snakesoul the Deep Elf Venom Mage began the quest for the
                  | Orb.
     0 | D:1      | Reached XP level 1. HP: 10/10 MP: 6/6
   384 | D:1      | Reached XP level 2. HP: 15/15 MP: 5/8
   873 | D:2      | Learned a level 2 spell: Poisonous Vapours
   955 | D:2      | Reached XP level 3. HP: 19/19 MP: 6/10
  1729 | D:3      | Found a faded altar of an unknown god.
  1844 | D:3      | Reached XP level 4. HP: 20/24 MP: 8/12
  2507 | D:3      | Found a shadowy altar of Dithmenos.
  2511 | D:3      | Found a radiant altar of Vehumet.
  2546 | D:3      | Found a basalt altar of Yredelemnul.
  2550 | D:3      | Became a worshipper of Vehumet
  2690 | D:3      | Reached XP level 5. HP: 28/28 MP: 11/14
  2751 | D:3      | Learned a level 4 spell: Olgreb's Toxic Radiance
  2755 | D:3      | Learned a level 3 spell: Mephitic Cloud
  2798 | D:3      | Found a sacrificial altar of Ru.
  3032 | D:4      | Noticed Menkaure
  3038 | D:4      | Mangled by Menkaure

Illustrated notes

Levels and vault maps discovered:
D:1:      saegor_arrival_simple_e, layout_basic
D:2:      layout_basic
D:3:      minmay_general_purpose_star, layout_loops_ring,
          lemuel_coloured_pillars_altar, minitemple,
          nicolae_ecumenical_oubliette
D:4:      layout_loops_cross, minmay_temple_entry_butterflies,
          minmay_misc_feat_secret_circle, uniq_sigmund, uniq_menkaure

Skill      XL: |  1  2  3  4 |
---------------+-------------+-----
Transmutations | 2 3 |  3.2
Poison Magic   | 4 |  4.5
Spellcasting   | 4 |  4.7
Dodging        | |  2.4
Stealth        | |  2.4
Conjurations   | |  0.3

Action                     |  1- 3 |  4- 6 || total
---------------------------+-------+-------++-------
  Melee: Dagger            |    14 |     4 ||    18
   Cast: Sting             |    80 |    64 ||   144
 Armour: Robe              |     9 |     6 ||    15
  Dodge: Dodged            |    17 |    21 ||    38
